3AAA
SIOUX FALLS RED PANDAS @ KEY WEST CORAL REEFERS
05/21/2034
 
TOP OF THE 1ST
Sioux Falls Red Pandas batting - Pitching for Key West Coral Reefers : RHP Derek Patton
Pitching: RHP Derek Patton
Batting: LHB Mo-ruo Teoh 0-0: Fly out, F9 (Flyball, 9D)
Batting: LHB Tim Waters 0-0: Ball
1-0: Foul Ball, location: 2F
1-1: Swinging Strike
1-2: Ball
2-2: Foul Ball, location: 2F
2-2: Foul Ball, location: 2F
2-2: SINGLE (Groundball, 4MD)
Batting: RHB Gary Chalmers 0-0: Ball
1-0: SINGLE (Line Drive, 7S)
Tim Waters to second
Batting: LHB Terrence Eler 0-0: Ball
1-0: Ball
2-0: Foul Ball, location: 2F
2-1: Swinging Strike
2-2: Foul Ball, location: 2F
2-2: 3-RUN HOME RUN (Flyball, 78XD), Distance : 425 ft
Batting: LHB Richello Mabait 0-0: Ball
1-0: SINGLE (Groundball, 4MD)
Batting: LHB Robby Young 0-0: Ball
1-0: Foul Ball, location: 2F
1-1: Foul Ball, location: 2F
1-2: Fly out, F9 (Flyball, 89D)
Batting: RHB Steve Irwin 0-0: Ball
1-0: Ground out 5-3 (Groundball, 56S)
Top of the 1st over - 3 runs, 4 hits, 0 errors, 1 left on base; Sioux Falls 3 - Key West 0
BOTTOM OF THE 1ST
Key West Coral Reefers batting - Pitching for Sioux Falls Red Pandas : RHP Vincente Ortíz
Pitching: RHP Vincente Ortíz
Batting: RHB Miguel Montoya 0-0: Ground out 5-3 (Groundball, 56S)
Batting: LHB Jordan Westacott 0-0: Foul Ball, location: 2F
0-1: Ball
1-1: Fly out, F7 (Flyball, 78D)
Batting: RHB Arturo Scantlebury 0-0: Foul Ball, location: 2F
0-1: Ball
1-1: Called Strike
1-2: Fly out, F8 (Flyball, 78M)
Bottom of the 1st over - 0 runs, 0 hits, 0 errors, 0 left on base; Sioux Falls 3 - Key West 0
TOP OF THE 2ND
Sioux Falls Red Pandas batting - Pitching for Key West Coral Reefers : RHP Derek Patton
Batting: SHB Kilipaki Malamapono 0-0: SINGLE (Groundball, 4MD)
Batting: RHB Wilfred McLaughlin 0-0: Called Strike
0-1: Called Strike
0-2: Ball
1-2: Strikes out swinging
Batting: LHB Mo-ruo Teoh 0-0: Ball
1-0: SINGLE (Groundball, 34S) (infield hit)
Kilipaki Malamapono to second
Batting: LHB Tim Waters 0-0: Foul Ball, location: 2F
0-1: SINGLE (Groundball, 4) (infield hit)
Kilipaki Malamapono to third
Mo-ruo Teoh to second
Batting: RHB Gary Chalmers 0-0: Called Strike
0-1: Ball
1-1: Ball
2-1: Foul Ball, location: 2F
2-2: Strikes out swinging
Batting: LHB Terrence Eler 0-0: Called Strike
0-1: Foul Ball, location: 2F
0-2: Ball
1-2: Ball
2-2: Ground out 4-3 (Groundball, 4)
Top of the 2nd over - 0 runs, 3 hits, 0 errors, 3 left on base; Sioux Falls 3 - Key West 0
BOTTOM OF THE 2ND
Key West Coral Reefers batting - Pitching for Sioux Falls Red Pandas : RHP Vincente Ortíz
Batting: RHB Craig Tricket 0-0: Called Strike
0-1: Ball
1-1: SINGLE (Line Drive, 6D)
Batting: SHB Dave Atkins 0-0: Fly out, F7 (Flyball, 7)
Batting: RHB Juan Martínez 0-0: Ground out U3 (Groundball, 3S)
Craig Tricket to second
Batting: RHB Yoshihiro Iwasaki 0-0: Ball
1-0: Ball
2-0: Swinging Strike
2-1: DOUBLE (Line Drive, 7LM)
Craig Tricket scores
Batting: RHB Werner Bowman 0-0: Ball
1-0: Ball
2-0: Ball
3-0: Called Strike
3-1: Swinging Strike
3-2: Base on Balls
Batting: RHB Jarred Cobb 0-0: Called Strike
0-1: Fly out, F8 (Line Drive, 89S)
Bottom of the 2nd over - 1 run, 2 hits, 0 errors, 2 left on base; Sioux Falls 3 - Key West 1
TOP OF THE 3RD
Sioux Falls Red Pandas batting - Pitching for Key West Coral Reefers : RHP Derek Patton
Batting: LHB Richello Mabait 0-0: Ball
1-0: Ground out 5-3 (Groundball, 56)
Batting: LHB Robby Young 0-0: Ball
1-0: Fly out, F9 (Flyball, 89D)
Batting: RHB Steve Irwin 0-0: Ball
1-0: Ball
2-0: Called Strike
2-1: DOUBLE (Line Drive, 3D)
Batting: SHB Kilipaki Malamapono 0-0: Called Strike
0-1: Ball
1-1: Called Strike
1-2: Ball
2-2: Strikes out looking
Top of the 3rd over - 0 runs, 1 hit, 0 errors, 1 left on base; Sioux Falls 3 - Key West 1
BOTTOM OF THE 3RD
Key West Coral Reefers batting - Pitching for Sioux Falls Red Pandas : RHP Vincente Ortíz
Batting: RHB Miguel Montoya 0-0: Ball
1-0: Ground out 5-3 (Groundball, 56S)
Batting: LHB Jordan Westacott 0-0: Fly out, F5 (Popup, 5F)
Batting: RHB Arturo Scantlebury 0-0: Called Strike
0-1: Ball
1-1: Ball
2-1: Called Strike
2-2: SINGLE (Line Drive, 7S)
Batting: RHB Craig Tricket 0-0: Swinging Strike
0-1: Called Strike
Arturo Scantlebury is caught stealing 2nd base
Bottom of the 3rd over - 0 runs, 1 hit, 0 errors, 0 left on base; Sioux Falls 3 - Key West 1
TOP OF THE 4TH
Sioux Falls Red Pandas batting - Pitching for Key West Coral Reefers : RHP Derek Patton
Batting: RHB Wilfred McLaughlin 0-0: Called Strike
0-1: Ground out 4-3 (Groundball, 34)
Batting: LHB Mo-ruo Teoh 0-0: Ball
1-0: Called Strike
1-1: Foul Ball, location: 2F
1-2: Ball
2-2: Hit by Pitch
Batting: LHB Tim Waters 0-0: Ball
1-0: Ball
2-0: SINGLE (Groundball, 56D)
Mo-ruo Teoh to second
Batting: RHB Gary Chalmers 0-0: Ball
1-0: Ball
2-0: Ball
3-0: Called Strike
3-1: Fly out, F9 (Flyball, 89M)
Batting: LHB Terrence Eler 0-0: Swinging Strike
0-1: Fly out, F3 (Popup, 3D)
Top of the 4th over - 0 runs, 1 hit, 0 errors, 2 left on base; Sioux Falls 3 - Key West 1
BOTTOM OF THE 4TH
Key West Coral Reefers batting - Pitching for Sioux Falls Red Pandas : RHP Vincente Ortíz
Batting: RHB Craig Tricket 0-0: Ball
1-0: Called Strike
1-1: Ball
2-1: SINGLE (Groundball, 5D)
Batting: SHB Dave Atkins 0-0: Ball
1-0: Swinging Strike
1-1: Foul Ball, location: 2F
1-2: Ball
2-2: Ball
3-2: Base on Balls
Craig Tricket to second
Batting: RHB Juan Martínez 0-0: Ball
1-0: Foul Ball, location: 2F
1-1: Swinging Strike
1-2: Grounds into double play, 4-6-3 (Groundball, 4)
Craig Tricket to third
Batting: RHB Yoshihiro Iwasaki 0-0: Fly out, F8 (Flyball, 8LM)
Bottom of the 4th over - 0 runs, 1 hit, 0 errors, 1 left on base; Sioux Falls 3 - Key West 1
TOP OF THE 5TH
Sioux Falls Red Pandas batting - Pitching for Key West Coral Reefers : RHP Derek Patton
Batting: LHB Richello Mabait 0-0: Called Strike
0-1: Called Strike
0-2: Strikes out swinging
Batting: LHB Robby Young 0-0: Called Strike
0-1: Ball
1-1: Hit by Pitch
Batting: RHB Steve Irwin 0-0: Ball
1-0: Foul Ball, location: 2F
1-1: Fly out, F8 (Flyball, 78D)
Batting: SHB Kilipaki Malamapono 0-0: Called Strike
0-1: Ball
1-1: Foul Ball, location: 2F
1-2: Foul Ball, location: 2F
1-2: Strikes out swinging
Top of the 5th over - 0 runs, 0 hits, 0 errors, 1 left on base; Sioux Falls 3 - Key West 1
BOTTOM OF THE 5TH
Key West Coral Reefers batting - Pitching for Sioux Falls Red Pandas : RHP Vincente Ortíz
Pitching: RHP Michael Brown
Batting: RHB Werner Bowman 0-0: SINGLE (Groundball, 5L) (infield hit)
Batting: RHB Jarred Cobb 0-0: Ball
1-0: Ball
2-0: Ball
3-0: Base on Balls
Werner Bowman to second
Batting: RHB Miguel Montoya 0-0: Foul Ball, location: 2F
0-1: Ball
1-1: Ball
2-1: Foul Ball, location: 2F
2-2: Strikes out looking
Batting: LHB Jordan Westacott 0-0: Reached on error, E3 (Groundball, 34)
Werner Bowman to third
Jarred Cobb to second
Batting: RHB Arturo Scantlebury 0-0: Called Strike
0-1: Grounds into double play, 6-4-3 (Groundball, 6)
Bottom of the 5th over - 0 runs, 1 hit, 1 error, 2 left on base; Sioux Falls 3 - Key West 1
TOP OF THE 6TH
Sioux Falls Red Pandas batting - Pitching for Key West Coral Reefers : RHP Derek Patton
Batting: RHB Wilfred McLaughlin 0-0: Ball
1-0: Ball
2-0: Swinging Strike
2-1: Ball
3-1: Base on Balls
Batting: LHB Mo-ruo Teoh Pickoff Throw to First - Error! E1
Wilfred McLaughlin to second
0-0: Ball
1-0: Ball
2-0: SINGLE (Groundball, 4D)
Wilfred McLaughlin to third
Pitching: RHP Brandon Sorkin
Batting: LHB Tim Waters 0-0: Called Strike
0-1: Fly out, F7 (Flyball, 78S)
Batting: RHB Gary Chalmers 0-0: Ball
1-0: Called Strike
1-1: Ground out 5-3 (Groundball, 56)
Mo-ruo Teoh to second
Batting: LHB Terrence Eler 0-0: Ball
1-0: Ball
2-0: Ground out 4-3 (Groundball, 4)
Top of the 6th over - 0 runs, 1 hit, 1 error, 2 left on base; Sioux Falls 3 - Key West 1
BOTTOM OF THE 6TH
Key West Coral Reefers batting - Pitching for Sioux Falls Red Pandas : RHP Michael Brown
Batting: RHB Craig Tricket 0-0: Foul Ball, location: 2F
0-1: Ball
1-1: Ball
2-1: SINGLE (Line Drive, 6M)
Batting: SHB Dave Atkins 0-0: Ball
1-0: Called Strike
1-1: SINGLE (Groundball, 34) (infield hit)
Craig Tricket to second
Batting: RHB Juan Martínez 0-0: Sac Bunt - play at first, batter OUT! 2-3
Craig Tricket to third
Dave Atkins to second
Batting: RHB Yoshihiro Iwasaki 0-0: Called Strike
0-1: Ball
1-1: Ball
2-1: Called Strike
2-2: Ball
3-2: Strikes out looking
Batting: RHB Werner Bowman 0-0: Ball
1-0: Ball
2-0: Ball
3-0: Base on Balls
Batting: RHB Jarred Cobb 0-0: Ground out 6-3 (Groundball, 6S)
Bottom of the 6th over - 0 runs, 2 hits, 0 errors, 3 left on base; Sioux Falls 3 - Key West 1
TOP OF THE 7TH
Sioux Falls Red Pandas batting - Pitching for Key West Coral Reefers : RHP Brandon Sorkin
Batting: LHB Richello Mabait 0-0: Ball
1-0: Ball
2-0: Foul Ball, location: 2F
2-1: Ball
3-1: Base on Balls
Batting: LHB Robby Young 0-0: Bunted foul
0-1: Bunt missed!
0-2: Ball
1-2: Ball
2-2: Ball
3-2: Base on Balls
Richello Mabait to second
Batting: RHB Steve Irwin 0-0: Called Strike
0-1: Ball
1-1: Ball
2-1: Foul Ball, location: 2F
2-2: Fly out, F8 (Flyball, 8LM)
Batting: SHB Kilipaki Malamapono 0-0: Called Strike
0-1: Ball
1-1: Fly out, F9 (Line Drive, 89D)
Runner from 2nd tags up, SAFE at 3rd, no throw
Batting: RHB Wilfred McLaughlin 0-0: Swinging Strike
0-1: Reached on error, E3 (Groundball, 34)
Richello Mabait scores
Robby Young to second
Batting: LHB Mo-ruo Teoh 0-0: Ball
1-0: Ball
2-0: Called Strike
2-1: Foul Ball, location: 2F
2-2: Foul Ball, location: 2F
2-2: Fly out, F9 (Flyball, 89M)
Top of the 7th over - 1 run, 0 hits, 1 error, 2 left on base; Sioux Falls 4 - Key West 1
BOTTOM OF THE 7TH
Key West Coral Reefers batting - Pitching for Sioux Falls Red Pandas : RHP Michael Brown
Batting: RHB Miguel Montoya 0-0: Called Strike
0-1: Swinging Strike
0-2: Ball
1-2: Strikes out swinging
Batting: LHB Jordan Westacott 0-0: Ball
1-0: Swinging Strike
1-1: Ball
2-1: Called Strike
2-2: Strikes out looking
Batting: RHB Arturo Scantlebury 0-0: Ball
1-0: Ball
2-0: Fly out, F8 (Flyball, 89D)
Bottom of the 7th over - 0 runs, 0 hits, 0 errors, 0 left on base; Sioux Falls 4 - Key West 1
TOP OF THE 8TH
Sioux Falls Red Pandas batting - Pitching for Key West Coral Reefers : RHP Brandon Sorkin
Batting: LHB Tim Waters 0-0: Ball
1-0: Swinging Strike
1-1: Foul Ball, location: 2F
1-2: Strikes out swinging
Batting: RHB Gary Chalmers 0-0: SINGLE (Groundball, 56D)
Batting: LHB Terrence Eler 0-0: Grounds into double play, 5-4-3 (Groundball, 56)
Top of the 8th over - 0 runs, 1 hit, 0 errors, 0 left on base; Sioux Falls 4 - Key West 1
BOTTOM OF THE 8TH
Key West Coral Reefers batting - Pitching for Sioux Falls Red Pandas : RHP Michael Brown
Batting: RHB Craig Tricket 0-0: Ball
1-0: Ball
2-0: Ball
3-0: Foul Ball, location: 2F
3-1: Base on Balls
Pitching: RHP Ricardo Gómez
Batting: SHB Dave Atkins 0-0: Called Strike
0-1: Ball
1-1: Ball
2-1: SINGLE (Line Drive, 34)
Craig Tricket to second
Batting: RHB Juan Martínez 0-0: Reached on error, E3 (Groundball, 34)
Craig Tricket to third
Dave Atkins to second
Pinch Hitting: SHB Juan Carlos Santos 0-0: Ball
1-0: Swinging Strike
1-1: Foul Ball, location: 2F
1-2: Foul Ball, location: 2F
1-2: Ball
2-2: Ball
3-2: SINGLE (Flyball, 8RS)
Craig Tricket scores
Dave Atkins to third
Juan Martínez to second
Batting: RHB Werner Bowman 0-0: Ball
1-0: Ball
2-0: Called Strike
2-1: Grounds into fielders choice 1-2 (Groundball, P)
Juan Martínez to third
Juan Carlos Santos to second
Batting: RHB Jarred Cobb 0-0: Ball
1-0: Swinging Strike
1-1: Foul Ball, location: 2F
1-2: Ball
2-2: Ball
3-2: Foul Ball, location: 2F
3-2: Strikes out swinging
Batting: RHB Miguel Montoya 0-0: Ball
1-0: Ground out 6-3 (Groundball, 6S)
Bottom of the 8th over - 1 run, 2 hits, 1 error, 3 left on base; Sioux Falls 4 - Key West 2
TOP OF THE 9TH
Sioux Falls Red Pandas batting - Pitching for Key West Coral Reefers : RHP Brandon Sorkin
Now in LF: Juan Carlos Santos
Batting: LHB Richello Mabait 0-0: Ball
1-0: Called Strike
1-1: Foul Ball, location: 2F
1-2: Ball
2-2: Ball
3-2: Base on Balls
Batting: LHB Robby Young 0-0: Ball
1-0: SINGLE (Flyball, 89S)
Richello Mabait to second
Throwing error, E9
Richello Mabait scores
Robby Young to second
Batting: RHB Steve Irwin 0-0: Intentional Walk
Batting: SHB Kilipaki Malamapono 0-0: Ball
1-0: Called Strike
1-1: Ball
2-1: Fly out, F7 (Flyball, 7)
Batting: RHB Wilfred McLaughlin 0-0: Ball
1-0: SINGLE (Groundball, 6MD)
Robby Young to third
Steve Irwin to second
Runner from 3rd tries for Home, SAFE, throw made home
Batting: LHB Mo-ruo Teoh 0-0: Called Strike
0-1: Reached on error, E5 (Groundball, 5)
Steve Irwin to third
Wilfred McLaughlin to second
Pitching: LHP Marvin Wasmund
Batting: LHB Tim Waters 0-0: Ball
1-0: Ball
2-0: Called Strike
2-1: Foul Ball, location: 2F
2-2: Ball
3-2: Strikes out swinging
Batting: RHB Gary Chalmers 0-0: Called Strike
0-1: Ball
1-1: Foul Ball, location: 2F
1-2: Strikes out swinging
Top of the 9th over - 2 runs, 2 hits, 2 errors, 3 left on base; Sioux Falls 6 - Key West 2
BOTTOM OF THE 9TH
Key West Coral Reefers batting - Pitching for Sioux Falls Red Pandas : RHP Ricardo Gómez
Batting: LHB Jordan Westacott 0-0: Ground out 6-3 (Groundball, 6)
Batting: RHB Arturo Scantlebury 0-0: Called Strike
0-1: Ball
1-1: Foul Ball, location: 2F
1-2: SINGLE (Line Drive, 4MD)
Batting: RHB Craig Tricket 0-0: Ball
1-0: Foul Ball, location: 2F
1-1: Ball
2-1: Ball
3-1: Foul Ball, location: 2F
3-2: Fly out, F8 (Flyball, 8RS)
Batting: SHB Dave Atkins 0-0: Ball
1-0: Foul Ball, location: 2F
1-1: Foul Ball, location: 2F
1-2: Foul Ball, location: 2F
1-2: Ball
2-2: Fly out, F9 (Line Drive, 9)
Bottom of the 9th over - 0 runs, 1 hit, 0 errors, 1 left on base; Sioux Falls 6 - Key West 2
Friday, March 29th, 2019 - OOTP Baseball 18.8 Build 76